 Dungeon Crawl Stone Soup version 0.30.1-11-g7821555f0a (webtiles) character file.

Game seed: 16110132682788434607

49 ChrisAssaf the Sneak (level 3, -2/27 HPs)
             Began as a Demonspawn Brigand on Dec 2, 2023.
             Killed by divine providence
             ... invoked by an orc priest
              (15 damage)
             ... on level 3 of the Dungeon.
             The game lasted 00:06:11 (1426 turns).

ChrisAssaf the Sneak (Demonspawn Brigand)           Turns: 1426, Time: 00:06:12

Health: -2/27      AC:  6    Str: 13    XL:     3   Next: 53%
Magic:  3/3        EV: 12    Int: 12    God:
Gold:   83         SH:  0    Dex: 14    Spells: 2/2 levels left

rFire   . . .        a - +2 dagger
rCold   . . .        (no shield)
rNeg    . . .        b - +1 robe
rPois   .            (no helmet)
rElec   .            c - +0 cloak
rCorr   .            (no gloves)
SInv    .            (no boots)
Will    .....        (no amulet)
Stlth   +++          (no ring)
HPRegen 0.24/turn    (no ring)
MPRegen 0.08/turn

%: no passive effects
@: about to teleport
A: yellow scales 1
a: no special abilities


You were on level 3 of the Dungeon.
You visited 1 branch of the dungeon, and saw 3 of its levels.

You collected 83 gold pieces.

Inventory:

Hand Weapons
 a - a +2 dagger (weapon)
Missiles
 e - a curare-tipped dart (quivered)
Armour
 b - a +1 robe (worn)
 c - a +0 cloak (worn)
Scrolls
 h - a scroll of amnesia
 j - a scroll of blinking {unknown}
 m - a scroll of vulnerability
 n - a scroll of enchant armour
Potions
 g - a potion of curing
 i - a potion of heal wounds


   Skills:
 * Level 2.2 Fighting
 * Level 2.0 Short Blades
 * Level 2.1 Throwing
 * Level 0.6 Armour
 * Level 1.2 Dodging
 * Level 4.2 Stealth
 * Level 0.4 Spellcasting


You had 2 spell levels left.
You didn't know any spells.
Your spell library was empty.

Dungeon Overview and Level Annotations

Branches:
Dungeon (3/15)

Altars:


Innate Abilities, Weirdness & Mutations

You are partially covered in yellow scales. (AC +2)


Message History

Your +0 robe glows green for a moment.
The adder bites you.
The orc priest looks satisfied for a moment.
The orc throws a stone.
The stone closely misses you.
The orc priest looks encouraged for a moment.
As you read the scroll labelled POETOZ GACS, it crumbles to dust.
The creatures around you are filled with an inner flame!
It was a scroll of immolation.
The adder bites you.
* * * LOW HITPOINT WARNING * * *
You are lethally poisoned!
The adder poisons you!
The orc throws a stone.
The stone hits you.
* * * LOW HITPOINT WARNING * * *
The adder misses you.
You feel much better.
You feel sick. The adder barely misses you.
The orc throws a stone.
The stone misses you.
You feel sick.
The orc priest looks braver for a moment.
The adder attacks as you move away! The adder closely misses you.
You feel sick.
The orc throws a stone.
The stone barely misses you. The adder attacks as you move away!
The adder closely misses you.
You feel sick. The adder bites you.
You feel sick.
As you read the scroll labelled DUIFFEIFEP, it crumbles to dust.
The scroll dissolves into smoke.
It was a scroll of fog.
You feel sick. The adder bites you but does no damage.
The orc attacks as you move away! The orc closely misses you.
You feel sick.
You are no longer poisoned.
The adder misses you. The adder attacks as you move away!
The adder barely misses you. The orc attacks as you move away!
The orc hits you but does no damage. The adder barely misses you.
The orc attacks as you move away! The orc hits you with a +0 mace.
As you read the scroll labelled YXTOIFR IVAJU, it crumbles to dust.
You feel strangely unstable.
It was a scroll of teleportation.
The adder misses you. The adder bites you but does no damage.
The orc barely misses you. The orc attacks as you move away!
The orc hits you with a +0 hand axe.
The orc priest mumbles some strange prayers to Beogh against you.
Beogh smites you!
Ouch! That really hurt!
You die...

#...................
#...................
#####...............
##############.....
#..............#...
#..................
#..................
#..................
##@................
#.So........##.....
#o.......... #....#
#........... #.....
#...§§§..)....#....
#§o§§§........#....
#§§§§.........#....
#§§§#..............
#§§§#..............


You could see an orc priest (inner flame), an adder (inner flame) and 2 orcs.

Vanquished Creatures
  An adder (D:2)
  A worm (D:2)
  A dart slug (D:3)
  2 ball pythons
  3 bats
  2 endoplasms (D:1)
  4 goblins (D:2)
  2 hobgoblins (D:1)
  3 jackals (D:2)
  6 kobolds
  4 frilled lizards
  4 rats
33 creatures vanquished.

Notes
Turn   | Place    | Note
-------+----------+-------------------------------------------
     0 | D:1      | ChrisAssaf the Demonspawn Brigand began the quest for the
                  | Orb.
     0 | D:1      | Reached XP level 1. HP: 16/16 MP: 1/1
   731 | D:1      | Reached skill level 1 in Dodging
   731 | D:1      | Gained mutation: You are partially covered in yellow
                  | scales. (AC +2) [demonic ancestry]
   731 | D:1      | Reached XP level 2. HP: 9/22 MP: 2/2
   801 | D:1      | Reached skill level 4 in Stealth
  1073 | D:2      | Reached XP level 3. HP: 27/27 MP: 3/3
  1426 | D:3      | Killed from afar by an orc priest

Illustrated notes

Levels and vault maps discovered:
D:1:      dpeg_arrival_central, layout_basic, serial_bayou_lagoon_a,
          minmay_indecisive_spiral
D:2:      layout_loops_ring
D:3:      layout_basic, nicolae_hepliaklqana_hazy_memory

Skill      XL: |  1  2  3 |
---------------+----------+-----
Dodging        | 1 |  1.2
Stealth        | 4 |  4.2
Throwing       | 2 |  2.1
Short Blades   | 2 |  2.0
Fighting       | |  2.2
Armour         | |  0.6
Spellcasting   | |  0.4

Action                     || total
---------------------------++-------
  Melee: Dagger            ||    80
  Throw: Dart              ||    32
    Use: Scroll            ||     8
         Potion            ||     1
   Stab: Sleeping          ||     7
 Armour: Robe              ||    25
  Dodge: Dodged            ||    44
